 Dungeon Crawl Stone Soup version 0.27-a0-650-g8dd3ea4f36 (webtiles) character file.

Game seed: 8766294499514007435

14106 tsouns the Carver (level 11, -3/109 HPs)
             Began as a Palentonga Brigand on Mar 15, 2021.
             Was an Elder of Ashenzari.
             Slain by an orc warrior
             ... wielding a +0 long sword
              (17 damage)
             ... on level 11 of the Dungeon.
             The game lasted 00:28:33 (15491 turns).

tsouns the Carver (Palentonga Brigand)             Turns: 15491, Time: 00:28:34

Health: -3/109     AC: 16    Str: 14    XL:     11   Next: 84%
Magic:  11/11      EV: 16    Int: 15    God:    Ashenzari [****..]
Gold:   223        SH:  0    Dex: 12    Spells: 3/10 levels left

rFire    . . .     SeeInvis +   y - +5 triple sword of Apeoromancy {holy, Evo, Range} (curse)
rCold    . . .     Faith    .   (shield currently unavailable)
rNeg     . . .     Spirit   .   B - +1 leather armour {rPois}
rPois    +         Reflect  .   m - +0 helmet of Ashenzari's Black Moon {Range, Cun} (curse)
rElec    .         Harm     .   c - +0 cloak "Shackled Burden" {Cun, Alch} (curse)
rCorr    .         Rampage  .   F - +0 pair of gloves "Prophetic Burden" {Stlth+, Bglg, Melee} (curse)
Will     +....     Clarity  +   (no barding)
Stlth    ++++......             (no amulet)
HPRegen  0.28/turn              x - ring of the Bound Henotheism {Will+, Fort, Cun} (curse)
MPRegen  0.12/turn              L - +4 ring of evasion

@: berserk cooldown, slowed, curled up, very slow
A: large, rugged brown scales 3, see invisible, deformed body, roll 1, armoured
tail, reflexive curl
a: Rolling Charge, Renounce Religion, Curse Item, Shatter the Chains


You were on level 11 of the Dungeon.
You worshipped Ashenzari.
Ashenzari was greatly pleased with you.
You visited 1 branch of the dungeon, and saw 11 of its levels.
You also visited: Sewer and Ossuary.

You collected 627 gold pieces.
You spent 404 gold pieces at shops.

Inventory:

Hand Weapons
 y - the cursed +5 triple sword of Apeoromancy (weapon) {holy, Evo, Range}
   (You acquired it on level 5 of the Dungeon)

   It has been blessed by the Shining One to cause great damage to the undead
   and demons.
   It has a curse placed upon it.
 G - a +2 scimitar of flaming
Missiles
 d - 54 poisoned darts (quivered)
 u - 4 javelins
Armour
 c - the cursed +0 cloak "Shackled Burden" (worn) {Cun, Alch}

   It has a curse placed upon it.
 m - the cursed +0 helmet of Ashenzari's Black Moon (worn) {Range, Cun}
   (You found it on level 1 of the Dungeon)

   It has a curse placed upon it.
 B - a +1 leather armour of poison resistance (worn)
 F - the cursed +0 pair of gloves "Prophetic Burden" (worn) {Stlth+, Bglg, Melee}
   (You bought it in a shop on level 6 of the Dungeon)

   It has a curse placed upon it.
Jewellery
 x - the cursed ring of the Bound Henotheism (right hand) {Will+, Fort, Cun}
   (You found it on level 5 of the Dungeon)

   [ring of willpower]

   It affects your willpower, your defense against some magical effects.
   It has a curse placed upon it.
 H - a ring of protection from cold
 L - a +4 ring of evasion (left hand)
Wands
 e - a wand of iceblast (17)
 q - a wand of flame (15)
 v - a wand of paralysis (4)
 w - a wand of random effects (19)
 I - a wand of mindburst (31)
 J - a wand of polymorph (11)
Scrolls
 b - a scroll of brand weapon
 f - 2 scrolls of magic mapping
 g - 10 scrolls of teleportation
 j - 3 scrolls of amnesia
 k - 2 scrolls of summoning
 n - 2 scrolls of fog
 o - 3 scrolls of blinking
 p - a scroll of immolation
 t - 2 scrolls of fear
 C - 3 scrolls of enchant armour
 K - a scroll of holy word
Potions
 a - a potion of ambrosia
 h - a potion of mutation
 i - 3 potions of might
 l - 9 potions of curing
 r - 3 potions of resistance
 s - a potion of heal wounds
 z - 3 potions of flight
 A - 6 potions of brilliance
 D - 2 potions of haste
 E - a potion of lignification
 M - a potion of berserk rage


   Skills:
 + Level 11.1 Fighting
 - Level 4.7(11.3) Short Blades
 * Level 13.8(15.9) Long Blades
 - Level 1.3(3.5) Throwing
 + Level 2.0(3.7) Armour
 + Level 4.8(9.2) Dodging
 - Level 2.6(6.3) Stealth


You had 3 spell levels left.
You knew the following spells:

 Your Spells              Type           Power      Damage    Failure   Level
a - Apportation           Tloc           0%         N/A       30%         1
b - Shadow Creatures      Summ           N/A        N/A       100%        6

Your spell library contained the following spells:

 Spells                   Type           Power      Damage    Failure   Level
 Corona                   Hex            0%         N/A       30%         1
 Sting                    Tmut/Pois      0%         1d3       30%         1
 Animate Skeleton         Necr           0%         N/A       32%         1
 Foxfire                  Conj/Fire      0%         2x1d4     32%         1
 Summon Small Mammal      Summ           0%         N/A       32%         1
 Poisonous Vapours        Pois/Air       0%         N/A       43%         2
 Dazzling Flash           Conj/Hex       0%         N/A       65%         3
 Conjure Flame            Conj/Fire      0%         6-21      67%         3
 Ignite Poison            Fire/Tmut/Pois 0%         N/A       67%         3
 Inner Flame              Hex/Fire       0%         N/A       67%         3
 Mephitic Cloud           Conj/Pois/Air  0%         N/A       67%         3
 Olgreb's Toxic Radiance  Pois           0%         N/A       96%         4
 Sticky Flame             Conj/Fire      0%         2d3       97%         4
 Summon Lightning Spire   Summ/Air       0%         N/A       97%         4
 Fireball                 Conj/Fire      0%         3d3       100%        5
 Summon Hydra             Summ           0%         N/A       100%        7


Dungeon Overview and Level Annotations

Branches:
Dungeon (11/15)            Temple (0/1) D:5            Lair (0/6) D:11
  Sewer (visited)         Ossuary (visited)
    Orc: D:9-12

Altars:
Ashenzari
Dithmenos
Fedhas
Ru
Vehumet
Xom
Zin

Shops:
D:6 *   D:10 [[([


Innate Abilities, Weirdness & Mutations

You are completely covered in rugged brown scales. (AC +3, +7% HP)
You have supernaturally acute eyesight. (SInv)
Armour fits poorly on your strangely shaped body.
You can roll at nearby foes to attack.
You have a long armoured tail.
You curl defensively after being hit.


Message History

The ice beast is almost dead.
You slash the boulder beetle!
The boulder beetle is severely wounded.
You slice the boulder beetle!!
You kill the boulder beetle!
Your life force feels restored.
Your base Armour skill increases to level 2!
You barely miss the ice beast. You tail-slap the ice beast.
You kill the ice beast!
You are no longer berserk.
You are exhausted.
You feel yourself slow down.
You close the door, pushing everything out of the way.
An orc wizard opens the door.
The orc warrior completely misses you.
You feel much better. The orc warrior closely misses you.
You riposte.
You closely miss the orc warrior.
You tail-slap the orc warrior, but do no damage.
You completely miss the orc warrior.
The orc warrior hits you but does no damage.
The orc warrior hits you with a +0 long sword!
* * * LOW HITPOINT WARNING * * *
You hear a shout!
You slash the orc warrior!
The orc warrior is heavily wounded.
You hear a shout!
The orc warrior hits you but does no damage.
The orc warrior misses you.
You feel much better.
The orc warrior hits you with a +0 long sword!!
* * * LOW HITPOINT WARNING * * *
Your leather armour prevents you from hitting the orc warrior.
The orc warrior is heavily wounded.
The orc warrior hits you with a +0 long sword!
* * * LOW HITPOINT WARNING * * *
An orc comes into view.
The orc wizard points at itself and mumbles some strange words.
The orc wizard flickers and vanishes for a moment.
An orc comes into view. It is wielding a +0 hand axe.
The orc warrior hits you with a +0 long sword!
You die...

,####..............#......#.##
, ,
.#..............#......#.## *
,#..............'......#.## ,
,#..............########.##
,#.......................##
*.#...#####...............## ,
.'...'...'..#####........# , *
#...#...#.>#.[.#....##### , ,#
.#...#..@o..#..<.###
.#...#..#...#....## ,
,,,*,,.#...#..#.o.#....# , ,,
,,,#...#..###'#....# , , *
,,#...#.....o†....# ,,, , ,
#...#.o.........# , *,
#...#...........# *
.#####..{####+##.# ,*,
.........#. , *,#


You could see an orc warrior, an orc wizard (invisible) and 2 orcs.

Vanquished Creatures
  A boulder beetle (D:11)
  Erica (D:8)
  A death yak (D:11)
  2 two-headed ogres
  Joseph (D:8)
  A centaur zombie (D:10)
  A hornet (D:2)
  A troll (D:10)
  Grinder (D:4)
  Sigmund (D:5)
  A wraith (D:10)
  5 yaks (D:10)
  A wyvern (D:11)
  Grum (D:8)
  Menkaure (D:6)
  Edmund (D:4)
  A water moccasin (D:7)
  An ice beast (D:11)
  3 orc warriors
  3 ogres
  2 black bears
  2 necrophages
  2 centaurs
  4 wolves (D:8)
  5 phantoms
  Blork the orc (D:4)
  A kobold brigand (Sewer)
  A wyvern zombie (D:7)
  4 bullfrogs
  A water moccasin zombie (D:5)
  4 scorpions
  7 wights (D:11)
  10 killer bees
  2 howler monkeys
  2 quasits (Sewer)
  5 orc priests
  4 hounds
  A bullfrog skeleton (D:8)
  A jelly (D:5)
  2 iguanas
  8 orc wizards
  5 worker ants
  Terence (D:3)
  3 mummies (Ossuary)
  2 hound zombies (D:5)
  2 hound skeletons
  Robin (D:4)
  A howler monkey zombie (D:6)
  2 worker ant zombies
  5 gnolls
  A howler monkey skeleton (D:8)
  13 adders
  8 shadow imps
  A white imp (D:7)
  4 ufetubi
  6 oozes
  7 adder zombies
  An adder skeleton (D:8)
  3 worms
  A dart slug (D:1)
  7 leopard geckos
  43 orcs
  2 ball pythons (D:4)
  12 bats
  A bat zombie (Sewer)
  6 giant cockroaches
  15 goblins
  12 hobgoblins
  12 jackals
  3 quokkas
  9 frilled lizards
  2 hobgoblin zombies (Ossuary)
  19 kobolds
  3 kobold zombies (Ossuary)
  6 quokka zombies (Ossuary)
  4 rats
  3 rat zombies (Ossuary)
324 creatures vanquished.

Vanquished Creatures (others)
  4 plants (D:5)
4 creatures vanquished.

Grand Total: 328 creatures vanquished

Notes
Turn   | Place    | Note
-------+----------+-------------------------------------------
     0 | D:1      | tsouns the Palentonga Brigand began the quest for the Orb.
     0 | D:1      | Reached XP level 1. HP: 18/18 MP: 1/1
    12 | D:1      | Reached XP level 2. HP: 3/26 MP: 2/2
   546 | D:1      | Reached XP level 3. HP: 11/32 MP: 3/3
  2080 | D:2      | Found a blossoming altar of Fedhas.
  2153 | D:2      | Reached XP level 4. HP: 38/40 MP: 4/4
  2255 | D:2      | Noticed a hornet
  2260 | D:2      | Killed a hornet
  2261 | D:2      | Reached XP level 5. HP: 50/50 MP: 5/5
  2261 | D:2      | Reached XP level 6. HP: 56/56 MP: 6/6
  2727 | D:2      | Found a broken altar of Ashenzari.
  2738 | D:2      | Became a worshipper of Ashenzari the Shackled
  3648 | D:3      | Reached skill level 1 in Long Blades
  4197 | D:3      | Noticed Terence
  4212 | D:3      | Killed Terence
  4213 | D:3      | Reached skill level 5 in Fighting
  4664 | D:3      | Reached skill level 2 in Long Blades
  4822 | D:4      | Noticed Robin
  4843 | D:4      | Killed Robin
  5430 | D:4      | Reached skill level 3 in Long Blades
  5430 | D:4      | Gained mutation: You curl defensively after being hit.
                  | [Palentonga growth]
  5430 | D:4      | Reached XP level 7. HP: 36/66 MP: 7/7
  5438 | D:4      | Noticed Grinder
  5469 | D:4      | Killed Grinder
  5470 | D:4      | Reached skill level 4 in Long Blades
  5476 | D:4      | Noticed Blork the orc
  5485 | D:4      | Noticed Edmund
  5488 | D:4      | Killed Blork the orc
  5530 | D:4      | Killed Edmund
  5531 | D:4      | Reached skill level 5 in Long Blades
  5787 | D:4      | Found a shadowy altar of Dithmenos.
  5799 | D:4      | Found a glowing silver altar of Zin.
  6011 | D:4      | Reached * piety under Ashenzari
  6279 | D:4      | Found a radiant altar of Vehumet.
  6525 | D:4      | Reached XP level 8. HP: 78/78 MP: 8/8
  6683 | D:5      | Entered Level 5 of the Dungeon
  6709 | D:5      | Reached skill level 6 in Long Blades
  6863 | D:5      | Identified a scroll of acquirement
  6911 | D:5      | Acquired a +4 triple sword of holy wrath
  7170 | D:5      | Noticed Sigmund
  7177 | D:5      | Killed Sigmund
  7345 | D:5      | Found a staircase to the Ecumenical Temple.
  7419 | D:5      | Reached skill level 7 in Long Blades
  7549 | D:5      | Reached ** piety under Ashenzari
  8158 | D:5      | HP: 2/78 [orc warrior/+0 short sword (19)]
  8382 | D:6      | Reached skill level 8 in Long Blades
  8464 | D:6      | Reached XP level 9. HP: 51/84 MP: 9/9
  8502 | D:6      | Found a glowing drain.
  8507 | Sewer    | Entered a sewer
  8815 | Sewer    | Found a burning altar of Makhleb.
  8959 | Sewer    | Identified the +3 flail of Xiol Juo {antimagic, *Drain
                  | rElec rF+ Dex+4}
  9427 | D:6      | Found Banisuan's Assorted Antiques.
  9435 | D:6      | Bought a scroll of teleportation for 81 gold pieces
  9435 | D:6      | Bought a scroll of fear for 94 gold pieces
  9435 | D:6      | Bought a scroll labelled QIGEROROCO for 27 gold pieces
  9443 | D:6      | Noticed Menkaure
  9450 | D:6      | Killed Menkaure
  9703 | D:7      | Found a sand-covered staircase.
  9712 | Ossuary  | Entered an ossuary
  9727 | Ossuary  | Reached skill level 9 in Long Blades
 10055 | D:7      | Identified the Volume of Creative Beguiling
 10066 | D:7      | Learned a level 1 spell: Apportation
 10073 | D:7      | Learned a level 6 spell: Shadow Creatures
 10094 | D:7      | Found a broken altar of Ashenzari.
 10115 | D:7      | Found a shimmering altar of Xom.
 10117 | D:7      | Found a shimmering altar of Xom.
 10119 | D:7      | Found a shimmering altar of Xom.
 10120 | D:7      | Found a shimmering altar of Xom.
 10148 | D:7      | Noticed a two-headed ogre
 10169 | D:7      | Killed a two-headed ogre
 10177 | D:7      | Reached skill level 10 in Long Blades
 10612 | D:7      | Reached skill level 10 in Fighting
 10612 | D:7      | Reached skill level 12 in Long Blades
 10612 | D:7      | Reached XP level 10. HP: 99/99 MP: 10/10
 11219 | D:8      | Noticed Grum
 11229 | D:8      | Killed Grum
 11336 | D:6      | Bought a pair of runed gloves for 202 gold pieces
 11436 | D:8      | Noticed a two-headed ogre
 11440 | D:8      | Killed a two-headed ogre
 11441 | D:8      | Reached XP level 11. HP: 67/108 MP: 11/11
 12249 | D:8      | Noticed Erica
 12255 | D:8      | Killed Erica
 12593 | D:8      | Reached *** piety under Ashenzari
 12699 | D:8      | Noticed Joseph
 12709 | D:8      | Killed Joseph
 12710 | D:8      | Reached skill level 13 in Long Blades
 13594 | D:10     | Entered Level 10 of the Dungeon
 14119 | D:10     | Reached **** piety under Ashenzari
 14131 | D:10     | Found Wiletat's Armour Emporium.
 14188 | D:10     | Found Fafagum's Armour Emporium.
 14226 | D:10     | Found a sacrificial altar of Ru.
 14400 | D:10     | Found Pyowext's Antique Weapon Shop.
 14584 | D:10     | Found Dyorch's Armour Shop.
 14674 | D:10     | Reached skill level 1 in Armour
 14925 | D:11     | Noticed a death yak
 14927 | D:11     | Found a staircase to the Lair.
 14939 | D:11     | Killed a death yak
 15433 | D:11     | Identified the +0 leather armour of Ynuzi {rN+}
 15456 | D:11     | Noticed a boulder beetle
 15482 | D:11     | Killed a boulder beetle
 15491 | D:11     | Slain by an orc warrior

Illustrated notes

Levels and vault maps discovered:
D:1:      minmay_arrival_four_circles, layout_basic
D:2:      layout_loops_ring, lemuel_coloured_pillars_altar, old_standard_altar,
          chequers_jeans
D:3:      minmay_general_purpose_star, layout_loops_corners,
          minmay_misc_feat_tiny, uniq_terence
D:4:      layout_basic, chequers_temple_overflow_statue_of_worship,
          nicolae_vehumet_radiance, serial_forest,
          infiniplex_forest_lined_room_2, infiniplex_forest_corner_1,
          infiniplex_forest_end_2, infiniplex_forest_straight_4,
          infiniplex_forest_zigzag_1, infiniplex_forest_lined_corner,
          uniq_robin, uniq_grinder, uniq_edmund, uniq_blork_the_orc
D:5:      minmay_inner_zag, layout_basic, minmay_temple_entry_mist,
          serial_bayou, serial_bayou_pond_d, serial_bayou_lake_a,
          serial_bayou_lagoon_b, serial_bayou_shore_b, uniq_sigmund
D:6:      layout_cave_pools, gup_sewer_entry_bowl, serial_shops, shop_fountains,
          uniq_menkaure
D:7:      layout_loops_ring, xom_redecorated, nicolae_ossuary_entry_monument,
          grunt_decor_mini_mirrors, st_stairs_9, nicolae_ashenzari_panopticon
D:8:      layout_basic, uniq_erica, uniq_joseph, uniq_grum
D:9:      layout_irregular_city
D:10:     layout_irregular_city, serial_shops, shop, shop,
          nicolae_shop_window_shopping, shop, serial_column_ruins,
          column_ruins_hut_ruined, column_ruins_columns_corner,
          column_ruins_open_small, column_ruins_grid_3,
          column_ruins_columns_straight, column_ruins_columns_T, basic_altar,
          kennysheep_nub
D:11:     layout_irregular_city, dpeg_lair_monsters, orc_david_3,
          kennysheep_generic_room_11

Skill      XL: |  1  2  3  4  5  6  7  8  9 10 11 |
---------------+----------------------------------+-----
Fighting       | 3 4 5 6 7 10 11 | 11.1
Short Blades   | 3 4 |  4.7
Long Blades    | 3 5 8 12 13 | 13.8
Dodging        | 4 |  4.8
Armour         | 2 |  2.0
Throwing       | |  1.3
Stealth        | |  2.6

Action                   |  1- 3 |  4- 6 |  7- 9 | 10-12 || total
-------------------------+-------+-------+-------+-------++-------
Melee: Dagger            |   136 |    27 |       |       ||   163
       Tailslap          |    10 |    18 |    34 |    30 ||    92
       Long sword        |       |   139 |    68 |       ||   207
       Triple sword      |       |       |   197 |   210 ||   407
Throw: Dart              |     3 |     6 |    12 |       ||    21
       Javelin           |       |     3 |     4 |     3 ||    10
Invok: Curse Item        |       |     1 |     2 |     3 ||     6
       Shatter the Chain |       |       |     1 |       ||     1
 Abil: Rolling Charge    |     2 |       |       |       ||     2
Evoke: Wand              |       |       |    14 |     1 ||    15
  Use: Scroll            |       |       |     2 |       ||     2
       Potion            |       |       |     2 |     5 ||     7
 Stab: Sleeping          |     1 |    10 |    12 |    13 ||    36
       Paralysed         |       |       |    37 |     1 ||    38
Armor: Robe              |    77 |    52 |   123 |    18 ||   270
       Leather armour    |       |       |       |    58 ||    58
Dodge: Dodged            |    69 |    59 |   158 |   147 ||   433
       Rpst.: Long sword |       |    20 |    11 |       ||    31
       Triple sword      |       |       |    39 |    55 ||    94

Table legend: (Time is in decaauts)
 A = Elapsed time spent in this place.
 B = Non-inter-level travel time spent in this place.
 C = Inter-level travel time spent in this place.
 D = Time resting spent in this place.
 E = Time spent auto-exploring this place.
 F = Levels seen in this place.
 G = Mean time per level.
                   A        B        C        D        E       F      G
               +--------+--------+--------+--------+--------+-----+--------+
         Total |  15710 |  15146 |    564 |    199 |  12454 |  13 | 1208.5 |
       Dungeon |  14908 |  14344 |    564 |    199 |  11957 |  11 | 1355.3 |
         Sewer |    650 |    650 |      0 |      0 |    446 |   1 |  650.0 |
       Ossuary |    151 |    151 |      0 |      0 |     51 |   1 |  151.0 |
               +--------+--------+--------+--------+--------+-----+--------+

Top non-repeatable levels by time:
     D:1: 2001 daAuts
     D:4: 1944 daAuts
     D:3: 1874 daAuts
     D:8: 1679 daAuts
     D:5: 1671 daAuts
     D:7: 1471 daAuts
    D:10: 1393 daAuts
     D:2: 878 daAuts
     D:6: 835 daAuts
   Sewer: 650 daAuts
     D:9: 629 daAuts
    D:11: 528 daAuts
 Ossuary: 151 daAuts
